[Event "Team 45 45 League T61"]
[Site "Internet Chess Club"]
[Date "2014.06.07"]
[Round "2"]
[White "ausya"]
[Black "SaltofLife"]
[Result "0-1"]
[WhiteElo "1821"]
[BlackElo "1908"]
[Opening "Ruy Lopez: closed, Chigorin defense"]
[ECO "C97"]
[Time "15:00:28"]
[TimeControl "2700+45"]

1. e4 e5 2. Nf3 Nc6 3. Bb5 a6 4. Ba4 Nf6 5. O-O Be7 6. Re1 b5 7. Bb3 d6 8. c3
O-O 9. h3 Na5 10. Bc2 c5 11. d4 Qc7 12. Nbd2 Bd7 13. Nf1 Nc4 14. b3 Nb6 15. Bg5
Rfc8 16. Re2 c4 17. b4 a5 18. a3 axb4 19. axb4 Rxa1 20. Qxa1 Ra8 21. Qb2 Bc6 22.
Bh4 Na4 23. Bxa4 Rxa4 24. d5 Bd7 25. Ng3 Kf8 26. Ne1 Nxd5 27. Bxe7+ Nxe7 28. Nc2
Ng6 29. Ne3 Nf4 30. Rd2 Nd3 31. Qc2 Be6 32. f3 Qa7 33. Nf1 Ke7 34. Kh2 Ra1 35.
Re2 Rc1 36. Qd2 Qa1 37. Nd5+ Bxd5 38. exd5 Rxf1 39. Qg5+ Ke8 40. Qxg7 Qc1 41.
Re4 Rh1+ 42. Kg3 Qd2 43. Qh8+ Ke7 44. Qxh7 Qf2+ 45. Kg4 Qxg2+ 46. Kf5 Qxf3+ 47.
Kg5 Qf6+ 48. Kg4 Rg1+ 49. Kh5 Qg5# {White checkmated} 0-1

[Event "Team 45 45 League T61"]
[Site "Internet Chess Club"]
[Date "2014.06.10"]
[Round "2"]
[White "RubberDuck"]
[Black "juniorVishy"]
[Result "1/2-1/2"]
[WhiteElo "1870"]
[BlackElo "1751"]
[Opening "Sicilian: Hungarian variation"]
[ECO "B34"]
[Time "13:02:38"]
[TimeControl "2700+45"]

1. e4 c5 2. Nf3 g6 3. Nc3 Bg7 4. d4 cxd4 5. Nxd4 Nc6 6. Be3 Nf6 7. f3 O-O 8. Qd2
d5 9. Nxc6 bxc6 10. O-O-O Bb7 11. e5 Nd7 12. f4 e6 13. Na4 Qc7 14. Nc5 Rfd8 15.
Nxd7 Rxd7 16. Bc5 Bf8 17. Qb4 Bxc5 18. Qxc5 Qb6 19. Qxb6 axb6 20. a3 c5 21. Bb5
Rc7 22. Be2 d4 23. Rhg1 Rd8 24. c3 Be4 25. Bd3 Bc6 26. Bc2 Rcd7 27. cxd4 Rxd4
28. g3 f6 29. exf6 Kf7 30. Rxd4 Rxd4 31. Rd1 Rxd1+ 32. Kxd1 Kxf6 33. Kd2 e5 34.
Ke3 exf4+ 35. Kxf4 g5+ 36. Ke3 h5 37. Bd1 Be8 38. Ke4 Bc6+ 39. Ke3 Kg6 40. Be2
Be8 41. b4 cxb4 42. axb4 Kf6 43. Kd4 Ke6 44. Bf3 Kd6 45. Be4 Bf7 46. h4 gxh4 47.
gxh4 Be6 48. Bf3 Bf7 49. Be4 {Game drawn by mutual agreement} 1/2-1/2

[Event "Team 45 45 League T61"]
[Site "Internet Chess Club"]
[Date "2014.06.09"]
[Round "2"]
[White "divy7"]
[Black "jonesey"]
[Result "0-1"]
[WhiteElo "1625"]
[BlackElo "1969"]
[Opening "Giuoco Pianissimo: Italian four knights variation"]
[ECO "C55"]
[Time "15:18:23"]
[TimeControl "2700+45"]

1. e4 e5 2. Nf3 Nc6 3. Bc4 Nf6 4. Nc3 Bc5 5. d3 d6 6. h3 a6 7. a3 Be6 8. Bxe6
fxe6 9. Be3 Nd4 10. Bxd4 exd4 11. Ne2 e5 12. Ng3 g6 13. Qd2 Qe7 14. O-O-O O-O-O
15. Kb1 Rhf8 16. b4 Bb6 17. Kb2 Nd7 18. Ne2 Rf6 19. Nc1 Nf8 20. Nb3 Ne6 21. a4
Rdf8 22. Rhg1 g5 23. b5 h5 24. bxa6 bxa6 25. a5 Ba7 26. Ka2 g4 27. hxg4 hxg4 28.
Ne1 Rxf2 29. Qc1 Kd7 30. Qa3 Rb8 31. Qa4+ c6 32. Nd2 Nc5 33. Qa3 Ne6 34. Qa4 Bc5
35. Nc4 Rb4 36. Nb6+ Kd8 37. Qxc6 Nc7 38. Qb7 Qe6+ 39. Ka1 Bxb6 40. axb6 Ra4+
41. Kb1 Qa2+ 42. Kc1 Qa1# {White checkmated} 0-1

[Event "Team 45 45 League T61"]
[Site "Internet Chess Club"]
[Date "2014.06.05"]
[Round "2"]
[White "chess09"]
[Black "primerpaso"]
[Result "1-0"]
[WhiteElo "1971"]
[BlackElo "1933"]
[Opening "QGD: Lasker defense"]
[ECO "D56"]
[Time "16:01:55"]
[TimeControl "2700+45"]

1. d4 Nf6 2. c4 e6 3. Nf3 d5 4. Nc3 Be7 5. Bg5 O-O 6. e3 h6 7. Bh4 Ne4 8. Bxe7
Qxe7 9. Bd3 Nxc3 10. bxc3 c5 11. O-O Nc6 12. Rc1 Na5 13. cxd5 exd5 14. Bb1 b6
15. Qd3 g6 16. dxc5 Qxc5 17. Rfd1 Bb7 18. Ne5 Qe7 19. Qd4 Nc6 20. Nxc6 Bxc6 21.
Bc2 Rfd8 22. Bb3 Rac8 23. Qf4 Kg7 24. Rd2 Qe4 25. Qxe4 dxe4 26. Rd4 Bb7 27. Rcd1
Rxd4 28. cxd4 Kf8 29. Kf1 Ke7 30. Ke2 f5 31. f3 Ba6+ 32. Kd2 Bd3 33. Rc1 Rxc1
34. Kxc1 exf3 35. gxf3 Be2 36. Bd5 Kd6 37. Ba8 b5 38. Kd2 Bc4 39. a3 a5 40. Kc3
g5 41. e4 fxe4 42. fxe4 h5 43. e5+ Ke6 44. Bb7 g4 45. Bc8+ Ke7 46. a4 Bf1 47.
axb5 Bxb5 48. d5 Bd7 49. Ba6 h4 50. Kd4 a4 51. Bc4 Bf5 52. d6+ Kd8 53. e6 a3 54.
e7+ Ke8 55. Ke5 a2 56. Bxa2 Bg6 57. Kf6 Bh5 58. Be6 {Black resigns} 1-0

[Event "Team 45 45 League T61"]
[Site "Internet Chess Club"]
[Date "2014.06.06"]
[Round "2"]
[White "Baseta"]
[Black "Stiltzkin"]
[Result "1-0"]
[WhiteElo "1858"]
[BlackElo "1777"]
[Opening "Catalan opening"]
[ECO "E00"]
[Time "14:03:34"]
[TimeControl "2700+45"]

1. d4 Nf6 2. c4 e6 3. g3 c5 4. Nf3 cxd4 5. Nxd4 d5 6. Bg2 e5 7. Nf3 d4 8. O-O
Nc6 9. e3 d3 10. e4 Bg4 11. Qb3 Bxf3 12. Bxf3 Qd6 13. Bg5 Be7 14. Nc3 Nd4 15.
Qd1 Nxf3+ 16. Qxf3 O-O 17. Bxf6 Bxf6 18. h4 g6 19. Nd5 Bg7 20. Qxd3 Rac8 21.
Rac1 f5 22. f3 fxe4 23. fxe4 Qc5+ 24. Qe3 Qxe3+ 25. Nxe3 Bh6 26. Rxf8+ Rxf8 27.
Rc3 Rf3 28. Nd1 Rf6 29. Rd3 Bf8 30. Rd5 Rc6 31. b3 Bc5+ 32. Kf1 Bd4 33. Ke2 Ra6
34. a4 Rb6 35. Rb5 Rxb5 36. axb5 Kf7 37. Ne3 Ke6 38. Nd5 Kd6 39. Kf3 Kc5 40. Kg4
a5 41. bxa6 bxa6 42. Kg5 a5 43. g4 a4 44. bxa4 Kxc4 45. Kh6 Kd3 46. Nf6 Bf2 47.
Kxh7 Bxh4 48. Kxg6 Bxf6 49. Kxf6 Kxe4 50. g5 Kd5 51. g6 e4 52. g7 e3 53. g8=Q+
Ke4 {Black resigns} 1-0

[Event "Team 45 45 League T61"]
[Site "Internet Chess Club"]
[Date "2014.06.05"]
[Round "2"]
[White "Shanghaied"]
[Black "Portola"]
[Result "1-0"]
[WhiteElo "1827"]
[BlackElo "1852"]
[Opening "French: Réti (Spielmann) variation"]
[ECO "C00"]
[Time "07:00:38"]
[TimeControl "2700+45"]

1. e4 e6 2. b3 d5 3. Bb2 dxe4 4. Nc3 Nf6 5. Qe2 Be7 6. O-O-O O-O 7. g4 b6 8. g5
Ba6 9. Qe1 Bxf1 10. gxf6 Bxf6 11. Qxf1 c5 12. Nge2 Nc6 13. Qg2 Nd4 14. Qxe4 g6
15. h4 Nxe2+ 16. Nxe2 Bxb2+ 17. Kxb2 Qf6+ 18. Kb1 Rad8 19. h5 Kg7 20. Qe3 Rh8
21. h6+ Kf8 22. d4 cxd4 23. Rxd4 Ke7 24. Rf4 Qg5 25. Rxf7+ {Black resigns} 1-0

[Event "Team 45 45 League T61"]
[Site "Internet Chess Club"]
[Date "2014.06.05"]
[Round "2"]
[White "QuieroAprender"]
[Black "Zugzwanged"]
[Result "0-1"]
[WhiteElo "1691"]
[BlackElo "1769"]
[Opening "Four knights: Scotch, 4...exd4"]
[ECO "C47"]
[Time "20:03:36"]
[TimeControl "2700+45"]

1. e4 e5 2. Nf3 Nf6 3. Nc3 Nc6 4. d4 exd4 5. Nxd4 Bb4 6. Nxc6 bxc6 7. Qd3 O-O 8.
Bd2 Bxc3 9. Bxc3 Nxe4 10. Qd4 Nxc3 11. Qxc3 Re8+ 12. Kd1 Qg5 13. Qg3 Qd5+ 14.
Bd3 d6 15. Re1 Bf5 16. Kd2 Bxd3 17. Rxe8+ Rxe8 18. cxd3 Qa5+ 19. Kc2 Re2+ 20.
Kb3 Qb5+ {White resigns} 0-1

[Event "Team 45 45 League T61"]
[Site "Internet Chess Club"]
[Date "2014.06.08"]
[Round "2"]
[White "TerryMalloy"]
[Black "SlimeDog2"]
[Result "1-0"]
[WhiteElo "1960"]
[BlackElo "1988"]
[Opening "Grünfeld defense"]
[ECO "D80"]
[Time "15:00:13"]
[TimeControl "2700+45"]

1. d4 Nf6 2. c4 g6 3. Nc3 d5 4. e3 Bg7 5. Qb3 c6 6. Nf3 O-O 7. Bd2 a5 8. cxd5
cxd5 9. Be2 Nc6 10. O-O Qd6 11. Nb5 Qb8 12. Nc3 Rd8 13. Na4 Bf5 14. Nb6 Ra7 15.
Rfc1 Qd6 16. a3 Nd7 17. Nxd5 Be6 18. Bc4 a4 19. Qb5 Bg4 20. Ng5 e6 21. Nb6 Nxd4
22. exd4 Qxb6 23. Be3 Ra5 24. Qxb6 Nxb6 25. Bf1 Bxd4 26. Bxd4 Rxd4 27. Nf3 Bxf3
28. gxf3 Rg5+ 29. Kh1 Nd5 30. Rc4 Rd2 31. Rxa4 Rxf2 32. Rg4 Rh5 33. Rg2 Rxf3 34.
Be2 Rhf5 35. Bxf3 Rxf3 36. Kg1 Rb3 37. Rc1 Kg7 38. Rf2 g5 39. Rc5 Kg6 40. a4 f5
41. Rb5 Rxb5 42. axb5 b6 43. Rc2 f4 44. Kf2 Kf5 45. h3 h5 46. Rc6 g4 47. hxg4+
hxg4 48. Rd6 Ke5 49. Rc6 Kf5 50. Rd6 Nf6 51. Rxb6 Ne4+ 52. Kg1 g3 53. Rc6 f3 54.
b6 Ng5 55. Rc2 Nh3+ 56. Kh1 f2 57. Kg2 Nf4+ 58. Kf1 Nd5 59. Rxf2+ gxf2 60. b7
{Black resigns} 1-0

[Event "Team 45 45 League T61"]
[Site "Internet Chess Club"]
[Date "2014.06.07"]
[Round "2"]
[White "jt2000"]
[Black "cond"]
[Result "0-1"]
[WhiteElo "1922"]
[BlackElo "1945"]
[Opening "French: Chigorin variation"]
[ECO "C00"]
[Time "20:01:25"]
[TimeControl "2700+45"]

1. e4 e6 2. Qe2 c5 3. Nf3 Nc6 4. g3 g6 5. e5 d6 6. exd6 Qxd6 7. Nc3 Nf6 8. d3
Nd4 9. Nxd4 cxd4 10. Ne4 Nxe4 11. Qxe4 Bd7 12. Bf4 Qb4+ 13. Kd1 Qxb2 14. Rc1 Bg7
15. Rg1 O-O 16. Qe2 Rac8 17. Bg2 Bc6 18. Bxc6 Rxc6 19. Qd2 Rfc8 20. Re1 b5 21.
Be5 f6 22. Bf4 e5 23. Bh6 Bxh6 24. Qxh6 Rxc2 25. Re2 Rxc1+ {White resigns} 0-1

[Event "Team 45 45 League T61"]
[Site "Internet Chess Club"]
[Date "2014.06.08"]
[Round "2"]
[White "KnightOfLight"]
[Black "Warpdrive"]
[Result "1-0"]
[WhiteElo "1621"]
[BlackElo "1654"]
[Opening "Richter-Veresov attack"]
[ECO "D01"]
[Time "15:06:29"]
[TimeControl "2700+45"]

1. d4 Nf6 2. Bg5 d5 3. Nc3 Nbd7 4. Nf3 e6 5. a3 Be7 6. Bxf6 Bxf6 7. e4 dxe4 8.
Nxe4 O-O 9. c3 b6 10. Bd3 Bb7 11. Qe2 e5 12. Nxf6+ Nxf6 13. Nxe5 Bxg2 14. Rg1
Bd5 15. O-O-O g6 16. h4 Kh8 17. Rg5 a5 18. Rdg1 Qd6 19. h5 c5 20. hxg6 fxg6 21.
Nxg6+ hxg6 22. Rxg6 Qf4+ 23. Qe3 Qxe3+ 24. fxe3 Ra7 25. Rh6+ Nh7 26. Rg5 Bg8 27.
d5 Rf3 28. Re5 Rg7 29. Bxh7 Rxh7 30. Rxh7+ Kxh7 31. c4 Kg7 32. Kd2 a4 33. Re7+
Rf7 34. Re8 Rf2+ 35. Ke1 Rf8 36. Re7+ Rf7 37. Re6 Rf6 38. Re8 Bh7 39. Ra8 Bc2
40. Kd2 Bb3 41. e4 Bxc4 42. Rxa4 Bxd5 43. exd5 Rd6 44. Kc3 Rxd5 45. b4 Rd4 46.
Ra6 Rd1 47. Rxb6 cxb4+ 48. axb4 Kf7 49. Kc4 Ke7 50. Kb5 Kd7 51. Rc6 Rb1 52. Rc2
Kd8 53. Ka5 Ra1+ 54. Kb6 Rb1 55. b5 Ra1 56. Kb7 Rb1 57. Rd2+ Ke7 58. b6 Ke8 59.
Rd5 Rb2 60. Ka6 Ra2+ 61. Ra5 Rb2 62. b7 Kd7 63. Ka7 Kc7 64. Rc5+ Kd7 65. b8=Q
Ra2+ 66. Kb6 {Black resigns} 1-0

[Event "Team 45 45 League T61"]
[Site "Internet Chess Club"]
[Date "2014.06.04"]
[Round "2"]
[White "tryanything"]
[Black "drsigmund1"]
[Result "0-1"]
[WhiteElo "1614"]
[BlackElo "1567"]
[Opening "Queen's pawn"]
[ECO "A40"]
[Time "19:55:42"]
[TimeControl "2700+45"]

1. d4 e6 2. Bf4 d5 3. Nf3 c5 4. e3 Nc6 5. c3 Qb6 6. Qb3 Nf6 7. Bd3 Qa5 8. Bb5
Bd7 9. Bxc6 Bxc6 10. O-O Nh5 11. Bg5 h6 12. Bh4 g5 13. Bg3 Nxg3 14. hxg3 f6 15.
Nbd2 h5 16. Qc2 Kf7 17. Nb3 Qc7 18. Nxc5 h4 19. gxh4 g4 20. Nh2 Rxh4 21. g3 Bd6
22. gxh4 Bxh2+ 23. Kg2 Rh8 24. f4 Rxh4 25. Qf2 g3 26. Qf3 b6 27. Nd3 Ke8 28. Ne5
fxe5 29. fxe5 Qg7 30. Qf6 Qxf6 31. Rxf6 Re4 32. Rf3 Bb5 33. Re1 Bd3 34. a3 Rh4
35. Rf4 Be4+ 36. Rxe4 Rxe4 37. Kf3 Rh4 38. Rh1 Rh7 39. Re1 Rf7+ 40. Kg2 Rf2+ 41.
Kh1 Kf7 42. b3 g2+ 43. Kxh2 Rf1 44. Kxg2 Rxe1 {White resigns} 0-1

[Event "Team 45 45 League T61"]
[Site "Internet Chess Club"]
[Date "2014.06.06"]
[Round "2"]
[White "TerryMalloy"]
[Black "f5"]
[Result "0-1"]
[WhiteElo "1969"]
[BlackElo "2135"]
[Opening "Sicilian: Pelikan (Lasker/Sveshnikov) variation"]
[ECO "B33"]
[Time "21:06:34"]
[TimeControl "2700+45"]

1. e4 c5 2. Nf3 Nc6 3. d4 cxd4 4. Nxd4 Nf6 5. Nc3 e5 6. Ndb5 d6 7. Nd5 Nxd5 8.
exd5 Nb8 9. c4 Be7 10. Be2 a6 11. Nc3 O-O 12. O-O f5 13. f4 Bf6 14. Be3 Nd7 15.
Kh1 exf4 16. Bxf4 Be5 17. Bxe5 Nxe5 18. Qd4 b6 19. b4 Qc7 20. Rae1 Bd7 21. Bd1
Qxc4 22. Qxc4 Nxc4 23. Re7 Ne5 24. Re1 Rf7 25. Rxf7 Kxf7 26. g3 Rc8 27. Re3 Rc4
28. a3 Ng4 29. Rf3 Nf2+ 30. Kg2 Nxd1 31. Nxd1 Rc2+ 32. Kh3 g5 33. g4 f4 34. Rc3
Rxc3+ 35. Nxc3 Ke7 36. Ne4 h6 37. Kg2 Bxg4 38. h4 Bf5 39. Nc3 Bc2 40. hxg5 hxg5
41. Kf3 Kf6 42. a4 Ke5 43. a5 bxa5 44. bxa5 Bb3 {White resigns} 0-1

[Event "Team 45 45 League T61"]
[Site "Internet Chess Club"]
[Date "2014.06.07"]
[Round "2"]
[White "santiagoelawad"]
[Black "fledermaus"]
[Result "1/2-1/2"]
[WhiteElo "1955"]
[BlackElo "1946"]
[Opening "QGD: Orthodox defense, Rubinstein variation"]
[ECO "D61"]
[Time "14:04:30"]
[TimeControl "2700+45"]

1. Nf3 d5 2. d4 Nf6 3. c4 e6 4. Bg5 Be7 5. e3 O-O 6. Nc3 Nbd7 7. Qc2 c6 8. cxd5
exd5 9. Bd3 Re8 10. O-O Nf8 11. Rab1 Bd6 12. Bf5 Ng6 13. b4 h6 14. Bxg6 fxg6 15.
Bh4 Bf5 16. Qb3 Bxb1 17. Rxb1 g5 18. Bg3 Bxg3 19. hxg3 a6 20. a4 Qd6 21. Rc1 Kf8
22. Ne5 Nd7 23. f4 Qe6 24. Rf1 Nf6 25. Qc2 Kg8 26. a5 gxf4 27. gxf4 Ng4 28. f5
Nxe3 29. Qd3 Nxf5 {Game drawn by mutual agreement} 1/2-1/2

[Event "Team 45 45 League T61"]
[Site "Internet Chess Club"]
[Date "2014.06.08"]
[Round "2"]
[White "frank001"]
[Black "jonesey"]
[Result "0-1"]
[WhiteElo "1747"]
[BlackElo "1965"]
[Opening "KGA: Quaade gambit"]
[ECO "C37"]
[Time "23:00:34"]
[TimeControl "2700+45"]

1. e4 e5 2. f4 exf4 3. Nf3 g5 4. Nc3 Bg7 5. d4 d6 6. Bc4 Be6 7. d5 Bg4 8. O-O
Nd7 9. Be2 Bxf3 10. Bxf3 Qe7 11. Nb5 Ne5 12. Nd4 Nh6 13. h3 O-O-O 14. c3 Qd7 15.
Be2 Rhg8 16. Bb5 Qe7 17. Qa4 Kb8 18. Bd2 g4 19. Rxf4 gxh3 20. Be3 Qg5 21. Bf1
Nhg4 22. Bc1 h2+ 23. Kh1 Qh4 24. Qc2 Bh6 25. Nf5 Qh5 26. Nxh6 Nxh6 27. Be3 Nhg4
28. Bd4 Qh6 29. Rf5 Ne3 30. Qa4 c5 31. dxc6 Nxc6 32. Rxf7 Rdf8 33. Bc4 Rxf7 34.
Bxf7 Qg5 {White resigns} 0-1

[Event "Team 45 45 League T61"]
[Site "Internet Chess Club"]
[Date "2014.06.06"]
[Round "2"]
[White "Jack-ONeill"]
[Black "chess9793"]
[Result "1/2-1/2"]
[WhiteElo "2052"]
[BlackElo "2115"]
[Opening "Trompowsky attack (Ruth, Opocenský opening)"]
[ECO "A45"]
[Time "14:04:09"]
[TimeControl "2700+45"]

1. d4 Nf6 2. Bg5 d5 3. Bxf6 gxf6 4. c4 dxc4 5. e3 c5 6. Bxc4 cxd4 7. Nc3 Nc6 8.
Qh5 e6 9. O-O-O Bd7 10. exd4 Qa5 11. Qxa5 Nxa5 12. Bb5 O-O-O 13. Bxd7+ Rxd7 14.
Nge2 Bh6+ 15. Kc2 Rhd8 16. Rd3 Nc6 17. Rh3 Bf8 18. Rxh7 Nxd4+ 19. Nxd4 Rxd4 20.
Rd1 Rxd1 21. Nxd1 Rd7 22. h4 Kd8 23. h5 Ke7 24. Ne3 Rc7+ 25. Kd3 Rc5 26. f4 f5
27. g4 fxg4 28. Nxg4 Rf5 29. Ke4 a5 30. Ne5 b6 31. Ng4 a4 32. Ne5 Rf6 33. Ng4
Rf5 34. Ne5 Rf6 35. Ng4 Rf5 {Game drawn by repetition} 1/2-1/2

[Event "Team 45 45 League T61"]
[Site "Internet Chess Club"]
[Date "2014.06.07"]
[Round "2"]
[White "chessfan"]
[Black "Ptzz"]
[Result "1-0"]
[WhiteElo "1910"]
[BlackElo "2115"]
[Opening "Sicilian: Hungarian variation"]
[ECO "B27"]
[Time "15:01:04"]
[TimeControl "2700+45"]

1. e4 c5 2. Nf3 g6 3. d4 cxd4 4. Qxd4 Nf6 5. Bc4 Nc6 6. Qd3 Bg7 7. O-O d6 8. e5
Bf5 9. Qb3 Na5 10. Bxf7+ Kf8 11. exf6 Nxb3 12. fxg7+ Kxg7 13. Bxb3 Rc8 14. Nd4
Bd7 15. Nc3 e5 16. Ne6+ Bxe6 17. Bxe6 Rc7 18. Be3 d5 19. Rfd1 d4 20. Nb5 Qe7 21.
Nxc7 Qxc7 22. Rxd4 exd4 23. Bxd4+ Kh6 24. Bxh8 Qxc2 25. Bb3 Qe2 26. Bd4 b6 27.
h3 Qb5 28. Be3+ Kg7 29. Rc1 a5 30. Rc7+ Kf8 31. Rxh7 a4 32. Bh6+ Ke8 33. Bf7+
Kd8 34. Bxg6 Qxb2 35. Bg5+ Kc8 36. Bf5+ {Black resigns} 1-0

[Event "Team 45 45 League T61"]
[Site "Internet Chess Club"]
[Date "2014.06.12"]
[Round "2"]
[White "Holgate"]
[Black "LiangLiang"]
[Result "1-0"]
[WhiteElo "1956"]
[BlackElo "1835"]
[Opening "Ruy Lopez: 5.O-O"]
[ECO "C78"]
[Time "16:30:40"]
[TimeControl "2700+45"]

1. e4 e5 2. Nf3 Nc6 3. Bb5 a6 4. Ba4 Nf6 5. O-O b5 6. Bb3 Bc5 7. Nxe5 Nxe5 8. d4
Bxd4 9. Qxd4 d6 10. f4 Nc6 11. Qc3 Ne7 12. e5 Nfd5 13. Bxd5 Nxd5 14. Qc6+ {Black
resigns} 1-0

[Event "Team 45 45 League T61"]
[Site "Internet Chess Club"]
[Date "2014.06.09"]
[Round "2"]
[White "DouDou"]
[Black "Tobiasdelmonte"]
[Result "0-1"]
[WhiteElo "1782"]
[BlackElo "1829"]
[Opening "Four knights: Spanish, classical defense"]
[ECO "C48"]
[Time "22:10:06"]
[TimeControl "2700+45"]

1. e4 Nf6 2. Nc3 e5 3. Nf3 Nc6 4. Bb5 Bc5 5. O-O d6 6. d3 O-O 7. Bg5 Be6 8. Re1
a6 9. Ba4 h6 10. Bh4 b5 11. Bb3 b4 12. Nd5 g5 13. Nxg5 hxg5 14. Bxg5 Bxf2+ 15.
Kh1 Bxd5 16. Rf1 Bxb3 17. Rxf2 Nxe4 18. dxe4 Qxg5 19. Rf3 Be6 20. Rg3 Qxg3 21.
hxg3 Kg7 22. Qd2 Rh8+ 23. Kg1 Rag8 24. c3 Kf8 25. Qd3 a5 26. Qb5 Bd7 27. Qd3 Rg4
28. Rf1 Rhg8 29. Rf3 R8g6 30. Kf2 Kg7 31. Qb5 Rf6 32. Rxf6 Kxf6 33. Qd5 bxc3 34.
bxc3 a4 35. Qc4 a3 36. Kf3 Rg8 37. Kf2 Rb8 38. Kf3 Rb2 39. g4 Rc2 40. Qb3 Rd2
41. Qxa3 Be6 42. Qa6 Ne7 43. a4 Kg5 44. a5 Bxg4+ 45. Kg3 f5 46. exf5 Nxf5+ 47.
Kh2 Nh4 {White resigns} 0-1

[Event "Team 45 45 League T61"]
[Site "Internet Chess Club"]
[Date "2014.06.09"]
[Round "2"]
[White "Barrett-CCSCSL"]
[Black "chess9793"]
[Result "1/2-1/2"]
[WhiteElo "2135"]
[BlackElo "2116"]
[Opening "King's Indian: East Indian defense"]
[ECO "A48"]
[Time "20:00:44"]
[TimeControl "2700+45"]

1. d4 Nf6 2. Nf3 g6 3. b3 d5 4. e3 Bg7 5. Bd3 c5 6. O-O O-O 7. Nbd2 Nc6 8. Bb2
cxd4 9. exd4 a5 10. c3 b6 11. Re1 Qc7 12. Rc1 Bb7 13. g3 Rfd8 14. Qe2 Qc8 15.
Rc2 Ba6 16. Bxa6 Qxa6 17. Ba3 Qxe2 18. Rxe2 e6 19. Ne5 Nxe5 20. dxe5 Nd7 21. f4
Bf8 22. Bxf8 Kxf8 23. Kf2 Rdc8 24. c4 Rc7 25. Nf3 Rac8 26. Nd4 dxc4 27. Nb5 Rc5
28. bxc4 Rxc4 29. Rcd2 Rb4 30. Nd6 Rc7 31. Rc2 Rxc2 32. Rxc2 Nc5 33. Nc8 Ke8 34.
Nd6+ Ke7 35. Ke3 a4 36. Nc4 Kd7 37. Nd6 f5 38. exf6 a3 39. Nc4 Ke8 40. Nd6+ Kd7
41. Nc4 Ke8 42. Nd6+ Kd7 43. Nc4 {Game drawn by repetition} 1/2-1/2

[Event "Team 45 45 League T61"]
[Site "Internet Chess Club"]
[Date "2014.06.09"]
[Round "2"]
[White "f5"]
[Black "BigH"]
[Result "1/2-1/2"]
[WhiteElo "2132"]
[BlackElo "2061"]
[Opening "Caro-Kann: classical, Spassky variation"]
[ECO "B19"]
[Time "14:40:05"]
[TimeControl "2700+45"]

1. e4 c6 2. d4 d5 3. Nc3 dxe4 4. Nxe4 Bf5 5. Ng3 Bg6 6. h4 h6 7. Nf3 Nd7 8. h5
Bh7 9. Bd3 Bxd3 10. Qxd3 e6 11. Bd2 Ngf6 12. O-O-O Be7 13. Kb1 O-O 14. Ne4 Nxe4
15. Qxe4 Nf6 16. Qe2 Qd5 17. Ne5 Qe4 18. Be3 Nd5 19. Qf3 Qxf3 20. Nxf3 Nxe3 21.
fxe3 c5 22. c3 Rfd8 23. g4 Rac8 24. Rdf1 cxd4 25. exd4 Rd5 26. Re1 Bf6 27. Re4
b5 28. Rc1 Bg5 29. Rc2 Bf6 30. b3 Rb8 31. Kc1 Bg5+ 32. Kd1 f5 33. Rxe6 fxg4 34.
Ne5 Rbd8 35. Rg2 Rc8 36. Rc6 Rcd8 37. Kc2 b4 38. Rxg4 Rxe5 39. dxe5 Rd2+ 40. Kb1
Rd1+ {Game drawn by mutual agreement} 1/2-1/2

[Event "Team 45 45 League T61"]
[Site "Internet Chess Club"]
[Date "2014.06.04"]
[Round "2"]
[White "RaiseTheCurve"]
[Black "xwang1"]
[Result "1-0"]
[WhiteElo "2262"]
[BlackElo "1952"]
[Opening "Two knights defense"]
[ECO "C55"]
[Time "22:00:19"]
[TimeControl "2700+45"]

1. e4 e5 2. Bc4 Nf6 3. d4 exd4 4. Nf3 Nc6 5. O-O d6 6. Nxd4 Be7 7. Nc3 O-O 8.
Nde2 Bd7 9. Kh1 Ne5 10. Bb3 b5 11. f4 Nc4 12. Qd3 Na5 13. e5 Nxb3 14. axb3 dxe5
15. fxe5 Ng4 16. Bf4 b4 17. Ne4 Bc6 18. Nd4 Bxe4 19. Qxe4 Bc5 20. Nf3 Nf2+ 21.
Rxf2 Bxf2 22. Ng5 g6 23. e6 f5 24. Qc4 Qe7 25. Rd1 Rad8 26. Rd7 Rxd7 27. exd7+
Kh8 28. Qe6 Qxe6 29. Nxe6 Ra8 30. Be5+ Kg8 31. d8=Q+ Rxd8 32. Nxd8 Bb6 33. g3 c5
34. Nb7 Kf7 35. Bd6 Ke6 36. Bxc5 Kd5 37. Bxb6 axb6 38. Kg2 Ke6 39. g4 Kd7 40.
gxf5 gxf5 41. Kf3 Kc7 42. Kf4 Kxb7 43. Kxf5 Kc6 44. Ke6 Kc5 45. c3 b5 46. h4 h5
47. Kf5 bxc3 48. bxc3 Kd5 49. c4+ bxc4 50. bxc4+ Kxc4 51. Kg5 Kd5 52. Kxh5 Ke6
53. Kg6 {Black resigns} 1-0

[Event "Team 45 45 League T61"]
[Site "Internet Chess Club"]
[Date "2014.06.12"]
[Round "2"]
[White "gump12345"]
[Black "Ptzz"]
[Result "1-0"]
[WhiteElo "2001"]
[BlackElo "2093"]
[Opening "Caro-Kann: advance variation"]
[ECO "B12"]
[Time "15:00:55"]
[TimeControl "2700+45"]

1. e4 c6 2. d4 d5 3. e5 c5 4. Nf3 Nc6 5. dxc5 e6 6. Be3 Nh6 7. c3 Nf5 8. Bd4
Nfxd4 9. cxd4 b6 10. Bb5 Bd7 11. Qa4 Qc7 12. cxb6 Qxb6 13. O-O a6 14. Bxc6 Bxc6
15. Qc2 Be7 16. Nbd2 O-O 17. Rac1 Rfc8 18. Nb3 Rab8 19. Ne1 Bd7 20. Nc5 Bxc5 21.
dxc5 Qxb2 22. Nd3 Qa3 23. Rfe1 Bb5 24. Nf4 Bc4 25. Qd1 Qxc5 26. Qg4 Kh8 27. h4
Rb2 28. Nd3 Qa3 29. Nxb2 Qxb2 30. Qf3 Kg8 31. a3 Rb8 32. a4 h6 33. Rc3 Qd2 34.
Rec1 Rb2 35. h5 Qd4 36. Re3 Qd2 37. Rd1 Qc2 38. Rc3 Qxa4 39. Rd4 Rb3 40. Rcxc4
dxc4 41. Rd8+ Kh7 42. Qxf7 Qa1+ 43. Kh2 Qxe5+ 44. g3 {Black resigns} 1-0

[Event "Team 45 45 League T61"]
[Site "Internet Chess Club"]
[Date "2014.06.05"]
[Round "2"]
[White "RobertStephen"]
[Black "Happybear"]
[Result "0-1"]
[WhiteElo "1992"]
[BlackElo "1886"]
[Opening "Catalan: closed"]
[ECO "E01"]
[Time "16:17:06"]
[TimeControl "2700+45"]

1. d4 d5 2. c4 e6 3. g3 Nf6 4. Bg2 Bb4+ 5. Bd2 Qe7 6. Qa4+ Nc6 7. a3 Bxd2+ 8.
Nxd2 O-O 9. e3 Rd8 10. Ngf3 e5 11. dxe5 Nxe5 12. Nxe5 Qxe5 13. O-O-O Bf5 14. Qb5
c6 15. Qxb7 Rab8 16. f4 Qxe3 17. Qa6 Rxb2 18. Kxb2 Rb8+ 19. Ka2 Qc3 {White
resigns} 0-1

[Event "Team 45 45 League T61"]
[Site "Internet Chess Club"]
[Date "2014.06.07"]
[Round "2"]
[White "charles-allen"]
[Black "perikitosax"]
[Result "1/2-1/2"]
[WhiteElo "1892"]
[BlackElo "1915"]
[Opening "Sicilian: Alapin's variation (2.c3)"]
[ECO "B22"]
[Time "09:04:46"]
[TimeControl "2700+45"]

1. e4 c5 2. c3 Nf6 3. e5 Nd5 4. d4 cxd4 5. cxd4 d6 6. Nf3 e6 7. a3 Bd7 8. Bd3
Bc6 9. b4 a6 10. O-O Nd7 11. Re1 Be7 12. Bd2 Rc8 13. Qe2 b5 14. Ra2 O-O 15. Rc2
Bb7 16. Rxc8 Qxc8 17. Qe4 g6 18. Qg4 dxe5 19. dxe5 Rd8 20. Ng5 Nf8 21. Be4 Qc7
22. Qf3 Bxg5 23. Bxg5 Rb8 24. Qg3 Nd7 25. h4 N5b6 26. Nd2 Nc4 27. Bxb7 Rxb7 28.
Ne4 Ncxe5 29. Bf4 f6 30. Nxf6+ Nxf6 31. Bxe5 Qf7 32. Rc1 Re7 33. Rc8+ Re8 34.
Rc7 Re7 35. Rc8+ Re8 36. Rc7 Re7 37. Rc8+ {Game drawn by repetition} 1/2-1/2

[Event "Team 45 45 League T61"]
[Site "Internet Chess Club"]
[Date "2014.06.14"]
[Round "2"]
[White "John3v16"]
[Black "wildcat2023"]
[Result "1-0"]
[WhiteElo "1668"]
[BlackElo "1488"]
[Opening "Sicilian: Nimzovich-Rubinstein variation"]
[ECO "B29"]
[Time "20:04:16"]
[TimeControl "2700+45"]

1. e4 c5 2. Nf3 Nf6 3. Nc3 g6 4. d4 cxd4 5. Nxd4 Bg7 6. e5 Ng8 7. Bf4 f6 8. exf6
Nxf6 9. Bc4 Qa5 10. O-O d5 11. Bb3 O-O 12. Re1 Nc6 13. Nxc6 bxc6 14. Rxe7 Ne4
15. Rxe4 Kh8 16. Ra4 Qc7 17. Bxc7 {Black resigns} 1-0